 Dungeon Crawl Stone Soup version 0.20.1-1-g8b1a95d (webtiles) character file.

202 Phantomfrettchen the Insei (level 5, -3/33 HPs)
             Began as an Octopode Transmuter on Oct 7, 2017.
             Killed from afar by an orc wizard (9 damage)
             ... with a puff of flame
             ... on level 4 of the Dungeon.
             The game lasted 00:10:24 (3465 turns).

Phantomfrettchen the Insei (Octopode Transmuter)    Turns: 3465, Time: 00:10:25

Health: -3/33      AC:  1    Str: 10    XL:     5   Next: 80%
Magic:  18/18      EV: 19    Int: 20    God:
Gold:   213        SH:  0    Dex: 18    Spells: 4/10 levels left

rFire    . . .     SeeInvis .     - Unarmed
rCold    . . .     Gourm    .   (no shield)
rNeg     . . .     Faith    .   (helmet restricted)
rPois    .         Spirit   .   w - +5 amulet of reflection
rElec    .         Reflect  +   n - ring of magical power
rCorr    .         Harm     .   (no ring)
MR       .....                  (no ring)
Stlth    +++.......             (no ring)
Regen    0.2/turn               (no ring)
MPRegen  0.2/turn               (no ring)
                                (no ring)
                                (no ring)

@: confused, brilliant, agile
A: almost no armour, stealthy swim, amphibious, 8 rings, constrict 8, camouflage
1, gelatinous body 1
a: no special abilities


You were on level 4 of the Dungeon.
You were not hungry.

You visited 1 branch of the dungeon, and saw 4 of its levels.

You collected 213 gold pieces.

Inventory:

Hand Weapons
 v - a +0 hunting sling
Missiles
 a - 37 arrows
 g - 10 tomahawks
 h - 99 stones (quivered)
 j - 36 bolts
 o - 2 throwing nets
 q - 34 poisoned needles
Jewellery
 n - a ring of magical power (left tentacle)
 w - a +5 amulet of reflection (around mantle)
 y - an uncursed ring of protection from magic {unknown}
Scrolls
 i - 2 scrolls of teleportation {unknown}
 m - 2 scrolls of amnesia {unknown}
 p - a scroll of remove curse {unknown}
 r - a scroll of magic mapping {unknown}
 s - a scroll of fog {unknown}
 t - 2 scrolls of identify {unknown}
 u - a scroll of enchant weapon {unknown}
 x - a scroll of fear {unknown}
Potions
 d - a potion of flight
 e - a potion of might
 f - a potion of agility
Books
 b - a book of Changes

   Spells                             Type                      Level
   a - Beastly Appendage              Transmutation                1
   b - Sticks to Snakes               Transmutation                2
   c - Spider Form                    Transmutation/Poison         3
   d - Ice Form                       Ice/Transmutation            4
   e - Blade Hands                    Transmutation                5
Comestibles
 c - 4 bread rations
 k - 4 chunks of flesh
 z - a meat ration


   Skills:
 - Level 1.0 Fighting
 - Level 2.2 Throwing
 - Level 2.1 Dodging
 + Level 1.9 Stealth
 - Level 4.0 Unarmed Combat
 - Level 3.1 Spellcasting
 - Level 3.1 Transmutations


You had 4 spell levels left.
You knew the following spells:

 Your Spells              Type           Power        Failure   Level  Hunger
a - Beastly Appendage     Tmut           ####..       1%          1    None
b - Sticks to Snakes      Tmut           ####....     1%          2    ##.....
c - Spider Form           Tmut/Pois      ###.......   2%          3    ###....


Dungeon Overview and Level Annotations

Branches:
Dungeon (4/15)
 Temple: D:4-7

Altars:
Hepliaklqana
Uskayaw
Yredelemnul


Innate Abilities, Weirdness & Mutations

You cannot wear most types of armour.
You are very stealthy in the water. (Stealth+)
You are amphibious.
You can wear up to eight rings at the same time.
You can use your tentacles to constrict eight enemies at once.
Your skin changes colour to match your surroundings (Stealth+).
Your rubbery body absorbs attacks. (AC +1, EV +1)


Message History

Something hits you but does no damage.
The orc wizard gestures at you while chanting.
You are confused.
The orc wizard casts a spell.
The orc wizard flickers and vanishes!
You closely miss something.
You hear some strange, mumbled words.
A puff of flame appears from out of thin air!
The puff of flame hits you!
You closely miss something. Something hits you. x2
* * * LOW HITPOINT WARNING * * *
You feel agile all of a sudden. Something closely misses you.
Something hits you.
* * * LOW HITPOINT WARNING * * *
It was a potion of brilliance.
You feel clever all of a sudden.
You hear some strange, mumbled words.
A puff of flame appears from out of thin air!
The puff of flame hits you!
You die...

...#
...#############
...............#
......########.#
......##### #.###
......##...# #...#
.######.....##...#
..# .......#){.#
..# ..$....'..@+
..# .......#...#
..# #.....##...#
..# ##...# #...#
..# #### #...# ..+
#...# ..# #...#
..# #...# ###
+...+


There were no monsters in sight!

Vanquished Creatures
  2 orc wizards (D:3)
  5 adders
  An ooze (D:3)
  A worm (D:2)
  2 dart slugs
  3 leopard geckos
  13 orcs
  A ball python (D:2)
  3 giant cockroaches
  14 goblins
  6 hobgoblins
  4 jackals (D:2)
  A quokka (D:2)
  4 bats
  7 frilled lizards
  6 kobolds
  3 rats
76 creatures vanquished.

Notes
Turn   | Place    | Note
-------+----------+-------------------------------------------
     0 | D:1      | Phantomfrettchen the Octopode Transmuter began the quest for the Orb.
     0 | D:1      | Reached XP level 1. HP: 13/13 MP: 3/3
   303 | D:1      | Reached XP level 2. HP: 9/18 MP: 5/5
  1221 | D:1      | Reached XP level 3. HP: 20/23 MP: 4/6
  1223 | D:1      | Reached skill level 4 in Unarmed Combat
  1475 | D:2      | Reached skill level 1 in Throwing
  1893 | D:2      | Reached XP level 4. HP: 23/28 MP: 7/7
  2181 | D:3      | Learned a level 2 spell: Sticks to Snakes
  2185 | D:3      | Learned a level 3 spell: Spider Form
  2241 | D:3      | Found a hazy altar of Hepliaklqana.
  2354 | D:3      | Found a basalt altar of Yredelemnul.
  2456 | D:3      | Found a hide-covered altar of Uskayaw.
  2769 | D:3      | Reached XP level 5. HP: 26/33 MP: 8/8
  2791 | D:3      | HP: 1/33 [something (3)]
  3360 | D:4      | Reached skill level 1 in Stealth
  3465 | D:4      | Killed from afar by an orc wizard

Skill      XL: |  1  2  3  4  5 |
---------------+----------------+-----
Unarmed Combat | 4 |  4.0
Throwing       | 2 |  2.2
Spellcasting   | 3 |  3.1
Transmutations | 3 |  3.1
Stealth        | 1 |  1.9
Fighting       | |  1.0
Dodging        | |  2.1

Action                   |  1- 3 |  4- 6 || total
-------------------------+-------+-------++-------
Melee: Unarmed           |    70 |   109 ||   179
       Constrict         |    23 |    28 ||    51
       Tentacles         |    13 |    24 ||    37
       Kick              |     6 |    14 ||    20
       Punch             |     1 |     4 ||     5
Throw: Stone             |     5 |     2 ||     7
 Cast: Beastly Appendage |     7 |    12 ||    19
  Use: Potion            |       |     6 ||     6
 Stab: Sleeping          |     3 |     6 ||     9
  Eat: Chunk             |     3 |     5 ||     8
Armor: Skin              |     4 |     9 ||    13
Dodge: Dodged            |    53 |    35 ||    88
Block: Other             |       |    18 ||    18
